 Dungeon Crawl Stone Soup version 0.31.0-12-g77e489cdc1 (webtiles) character file.

Game seed: 4006007257600550298

1715 sking99 the Magician (level 9, -7/64 (65) HPs)
             Began as a Gnoll Alchemist on Feb 29, 2024.
             Was a Believer of Sif Muna.
             Mangled by a mummy (13 damage)
             ... in an ossuary.
             The game lasted 00:14:25 (6471 turns).

sking99 the Magician (Gnoll Alchemist)              Turns: 6471, Time: 00:14:26

HP:   -7/64 (65)    AC:  3    Str: 12    XL:     9   Next: 4%
MP:   18/18         EV: 14    Int: 14    God:    Sif Muna [**....]
Gold: 292           SH:  0    Dex: 13    Spells: 6/20 levels left

rFire   . . .        f - +3 dagger (flame)
rCold   . . .        (no shield)
rNeg    . . .        a - +0 robe
rPois   .            (no helmet)
rElec   .            (no cloak)
rCorr   .            o - +0 pair of gloves
SInv    .            (no boots)
Will    .....        (no amulet)
Stlth   +++          (no ring)
HPRegen 0.30/turn    (no ring)
MPRegen 0.16/turn

%: no passive effects
@: weak-willed, hasted, lightly drained, very quick
A: fangs 1, strong nose, distributed training
a: Renounce Religion, Channel Magic


You were in an ossuary.
You worshipped Sif Muna.
Sif Muna was pleased with you.
You visited 1 branch of the dungeon, and saw 6 of its levels.
You also visited: Ossuary.

You collected 292 gold pieces.

Inventory:

Hand Weapons
 f - a +3 dagger of flaming (weapon)
Armour
 a - a +0 robe (worn)
 o - a +0 pair of gloves (worn)
Jewellery
 i - a ring of positive energy
 q - a +6 ring of dexterity
 r - a +5 ring of evasion
Wands
 s - a wand of flame (27)
 x - a wand of charming (9)
 y - a wand of roots (8)
Scrolls
 h - 3 scrolls of enchant weapon
Potions
 b - a potion of magic
 c - a potion of lignification
 e - a potion of haste
 k - a potion of ambrosia
 t - a potion of curing {unknown}
 u - a potion of brilliance {unknown}
 w - a potion of invisibility {unknown}
 z - a potion of enlightenment {unknown}


   Skills:
 + Level 4.0 Fighting
 + Level 4.0 Short Blades
 + Level 4.0 Long Blades
 + Level 4.0 Axes
 + Level 4.0 Maces & Flails
 + Level 4.0 Polearms
 + Level 4.0 Staves
 + Level 4.0 Ranged Weapons
 + Level 4.0 Throwing
 + Level 4.0 Armour
 + Level 6.1 Dodging
 + Level 5.8 Stealth
 + Level 4.0 Shields
 + Level 4.0 Unarmed Combat
 + Level 6.4 Spellcasting
 + Level 4.0 Conjurations
 + Level 3.2 Hexes
 + Level 3.2 Summonings
 + Level 3.2 Necromancy
 + Level 3.2 Translocations
 + Level 3.2 Fire Magic
 + Level 3.2 Ice Magic
 + Level 3.2 Air Magic
 + Level 3.2 Earth Magic
 + Level 6.4 Alchemy
 + Level 4.3 Invocations
 + Level 4.0 Evocations
 + Level 3.6 Shapeshifting


You had 6 spell levels left.
You knew the following spells:

 Your Spells              Type           Power      Damage    Failure   Level
a - Sting                 Conj/Alch      76%        1d7       1%          1
b - Mercury Vapours       Alch/Air       36%        N/A       3%          2
c - Mephitic Cloud        Conj/Alch/Air  17%        N/A       7%          3
d - Olgreb's Toxic Radia  Alch           22%        N/A       11%         4
e - Sticky Flame          Fire/Alch      18%        2d6       21%         4

Your spell library contained the following spells:

 Spells                   Type           Power      Damage    Failure   Level
 Apportation              Tloc           26%        N/A       4%          1
 Necrotise                Necr           52%        1d6       4%          1
 Summon Small Mammal      Summ           52%        N/A       4%          1
 Gell's Gravitas          Tloc           13%        N/A       12%         3
 Teleport Other           Tloc           13%        N/A       12%         3
 Dispersal                Tloc           6%         N/A       99%         6
 Ozocubu's Refrigeration  Ice            6%         4d8       100%        7
 Discord                  Hex            6%         N/A       100%        8


Dungeon Overview and Level Annotations

Branches:
Dungeon (6/15)            Ossuary (1/1)
 Temple: D:4-7

Altars:
Cheibriados
Elyvilon
Gozag
Hepliaklqana
Qazlal
Sif Muna
Xom

Shops:
D:2 (   D:5 *


Innate Abilities, Weirdness & Mutations

You have very sharp teeth.
Your uncanny sense of smell can sniff out nearby items.
Your experience applies equally to all skills.


Message History

The crocodile zombie is lightly damaged.
Unknown command.
Unknown command.
Okay, then.
You feel much better. The crocodile zombie misses you.
You hit the crocodile zombie. You burn the crocodile zombie.
You bite the crocodile zombie, but do no damage.
The crocodile zombie is moderately damaged.
The mummy misses you.
You hit the crocodile zombie. You burn the crocodile zombie.
The crocodile zombie is heavily damaged.
The elf zombie misses you. The crocodile zombie bites you!
* * * LOW HITPOINT WARNING * * *
You hit the crocodile zombie. You burn the crocodile zombie.
The crocodile zombie is heavily damaged.
You hit the crocodile zombie. You burn the crocodile zombie.
The crocodile zombie is severely damaged.
The elf zombie hits you but does no damage.
The mummy misses you. The crocodile zombie bites you.
* * * LOW HITPOINT WARNING * * *
You barely miss the crocodile zombie.
You bite the crocodile zombie, but do no damage.
The crocodile zombie is severely damaged.
You hit the crocodile zombie but do no damage.
The crocodile zombie is severely damaged.
The mummy closely misses you. The elf zombie misses you.
The crocodile zombie bites you.
* * * LOW HITPOINT WARNING * * *
You closely miss the crocodile zombie.
The crocodile zombie is severely damaged.
The mummy barely misses you.
You hit the crocodile zombie. You burn the crocodile zombie.
The crocodile zombie is severely damaged.
You hit the crocodile zombie. You burn the crocodile zombie.
You bite the crocodile zombie, but do no damage.
The crocodile zombie is almost destroyed.
The elf zombie misses you.
The crocodile zombie closely misses you.
The mummy hits you!
You die...

#####################
.....∩.∩.∩..........#
....................#
.#+#+#####+#'#......#
#.##.....#
#############''###
+...?!..+ ##..##.#
#.@M!!..###^.##..#
#ZZM??..##..##...#
#.Z.....##.'#....#
#.......#..'.....#
#...8...#.##.....#
#.......#..'.....#
#.......##.'#....#
#.......##..##...#
#.......###..##..#


You could see 2 mummies, a crocodile zombie (weak-willed), an orc zombie
(weak-willed) and an elf zombie (weak-willed).

Vanquished Creatures
  Pikel (D:5)
  Menkaure (D:5)
  A centaur (D:3)
  A phantom (D:3)
  An elf zombie (Ossuary)
  Blork the orc (D:4)
  A scorpion (D:5)
  A gnoll sergeant (D:6)
  A spectral bullfrog (Ossuary)
  A jelly (D:5)
  An orc priest (D:4)
  2 human zombies (Ossuary)
  2 sleepcaps
  3 iguanas
  An orc wizard (D:4)
  A crocodile zombie (Ossuary)
  3 spectral hounds (Ossuary)
  A mummy (D:6)
  10 gnolls
  14 adders
  A white imp (D:5)
  A spectral adder (Ossuary)
  3 spectral gnolls (Ossuary)
  A dart slug (D:4)
  2 ribbon worms
  7 orcs
  An endoplasm (D:1)
  2 giant cockroaches
  2 gnoll zombies (Ossuary)
  9 goblins
  6 hobgoblins
  6 jackals
  4 quokkas
  17 ball pythons
  3 bats
  4 frilled lizards
  4 kobolds
  3 kobold zombies (Ossuary)
  2 orc zombies (Ossuary)
  2 rats (D:1)
  4 spectral jackals (Ossuary)
132 creatures vanquished.

Notes
Turn   | Place    | Note
-------+----------+-------------------------------------------
     0 | D:1      | sking99 the Gnoll Alchemist began the quest for the Orb.
     0 | D:1      | Reached XP level 1. HP: 13/13 MP: 6/6
   238 | D:1      | Reached XP level 2. HP: 19/19 MP: 4/7
   604 | D:1      | Reached skill level 5 in Spellcasting
   604 | D:1      | Reached XP level 3. HP: 25/25 MP: 5/9
   657 | D:1      | Learned a level 2 spell: Mercury Vapours
   846 | D:1      | Learned a level 3 spell: Mephitic Cloud
  1273 | D:2      | Reached skill level 1 in Invocations
  1491 | D:2      | Found Cokhlum's Weapon Shoppe.
  1519 | D:2      | Reached skill level 1 in Fighting
  1519 | D:2      | Reached skill level 1 in Short Blades
  1519 | D:2      | Reached skill level 1 in Long Blades
  1519 | D:2      | Reached skill level 1 in Axes
  1519 | D:2      | Reached skill level 1 in Maces & Flails
  1519 | D:2      | Reached skill level 1 in Polearms
  1519 | D:2      | Reached skill level 1 in Staves
  1519 | D:2      | Reached skill level 1 in Ranged Weapons
  1519 | D:2      | Reached skill level 1 in Throwing
  1519 | D:2      | Reached skill level 1 in Armour
  1519 | D:2      | Reached skill level 1 in Shields
  1519 | D:2      | Reached skill level 1 in Unarmed Combat
  1519 | D:2      | Reached skill level 1 in Evocations
  1854 | D:3      | Reached skill level 1 in Shapeshifting
  1854 | D:3      | Reached XP level 4. HP: 20/32 MP: 4/11
  2007 | D:3      | Reached skill level 1 in Hexes
  2007 | D:3      | Reached skill level 1 in Summonings
  2007 | D:3      | Reached skill level 1 in Necromancy
  2007 | D:3      | Reached skill level 1 in Translocations
  2007 | D:3      | Reached skill level 1 in Fire Magic
  2007 | D:3      | Reached skill level 1 in Ice Magic
  2007 | D:3      | Reached skill level 1 in Air Magic
  2007 | D:3      | Reached skill level 1 in Earth Magic
  2282 | D:3      | Found a stormy altar of Qazlal.
  2371 | D:3      | Reached XP level 5. HP: 37/37 MP: 4/12
  2447 | D:3      | Found a white marble altar of Elyvilon.
  2503 | D:3      | Noticed a centaur
  2515 | D:3      | Killed a centaur
  2713 | D:3      | Found a hazy altar of Hepliaklqana.
  2954 | D:3      | Found a shimmering blue altar of Sif Muna.
  2971 | D:3      | Became a worshipper of Sif Muna the Loreminder
  3044 | D:3      | Found a faded altar of an unknown god.
  3102 | D:4      | Noticed a phantom
  3103 | D:4      | Noticed Blork the orc
  3128 | D:3      | Killed a phantom
  3129 | D:3      | Reached skill level 5 in Dodging
  3129 | D:3      | Reached XP level 6. HP: 14/44 MP: 5/14
  3249 | D:4      | Found a shimmering altar of Xom.
  3619 | D:4      | Killed Blork the orc
  3620 | D:4      | Reached XP level 7. HP: 51/51 MP: 1/15
  4518 | D:4      | Found an opulent altar of Gozag.
  4546 | D:5      | Entered Level 5 of the Dungeon
  4601 | D:5      | Reached * piety under Sif Muna
  4722 | D:5      | Reached skill level 5 in Stealth
  4903 | D:5      | Learned a level 4 spell: Olgreb's Toxic Radiance
  4923 | D:5      | Found Ginonk's Neck Hole.
  4932 | D:5      | Noticed Pikel
  4959 | D:5      | Killed Pikel
  4960 | D:5      | Reached XP level 8. HP: 38/58 MP: 1/17
  5110 | D:5      | Found a snail-covered altar of Cheibriados.
  5522 | D:5      | Noticed Menkaure
  5750 | D:5      | Killed Menkaure
  5991 | D:6      | Found a sand-covered staircase.
  6014 | Ossuary  | Entered an ossuary
  6086 | Ossuary  | Learned a level 4 spell: Sticky Flame
  6283 | Ossuary  | Reached ** piety under Sif Muna
  6339 | Ossuary  | Reached XP level 9. HP: 41/63 MP: 18/18
  6471 | Ossuary  | Mangled by a mummy

Illustrated notes

Levels and vault maps discovered:
D:1:      dpeg_arrival_brainrot, layout_rooms,
          nicolae_concentric_dashed_squares_wild, minmay_misc_feat_tower,
          minmay_unequal
D:2:      layout_rooms, serial_shops, nicolae_shop_real_fake_doors
D:3:      layout_basic, nicolae_sif_muna_little_library,
          mainiacjoe_overflow_boulevard, mainiacjoe_overflow_small_starburst,
          lemuel_doored_altar, ebering_ecumenical_altar_box,
          minmay_snake_closets
D:4:      layout_basic, nicolae_gozag_cash_rules_everything_around_me,
          mainiacjoe_overflow_brackets, uniq_blork_the_orc
D:5:      layout_basic, cheibriados_altar_1, nicolae_shop_sticking_my_neck_out,
          uniq_menkaure, uniq_pikel
D:6:      layout_basic, gup_ossuary_entry_pyramid, chequers_garden,
          nicolae_benzene_ring
Ossuary:  ossuary_zaba_two_paths

Skill      XL: |  1  2  3  4  5  6  7  8  9 |
---------------+----------------------------+-----
Conjurations   | 2 3 4 |  4.0
Spellcasting   | 5 6 |  6.4
Invocations    | 1 2 3 4 |  4.3
Fighting       | 1 2 3 4 |  4.0
Short Blades   | 1 2 3 4 |  4.0
Long Blades    | 1 2 3 4 |  4.0
Axes           | 1 2 3 4 |  4.0
Maces & Flails | 1 2 3 4 |  4.0
Polearms       | 1 2 3 4 |  4.0
Staves         | 1 2 3 4 |  4.0
Ranged Weapons | 1 2 3 4 |  4.0
Throwing       | 1 2 3 4 |  4.0
Armour         | 1 2 3 4 |  4.0
Shields        | 1 2 3 4 |  4.0
Unarmed Combat | 1 2 3 4 |  4.0
Evocations     | 1 2 3 4 |  4.0
Shapeshifting  | 1 2 3 |  3.6
Hexes          | 1 2 3 |  3.2
Summonings     | 1 2 3 |  3.2
Necromancy     | 1 2 3 |  3.2
Translocations | 1 2 3 |  3.2
Fire Magic     | 1 2 3 |  3.2
Ice Magic      | 1 2 3 |  3.2
Air Magic      | 1 2 3 |  3.2
Earth Magic    | 1 2 3 |  3.2
Dodging        | 5 6 |  6.1
Stealth        | 5 |  5.8
Alchemy        | 6 |  6.4

Action                     |  1- 3 |  4- 6 |  7- 9 || total
---------------------------+-------+-------+-------++-------
  Melee: Unarmed           |     6 |       |       ||     6
         Dagger            |     2 |    12 |   185 ||   199
         Bite              |       |       |    29 ||    29
         Punch             |       |       |     1 ||     1
   Cast: Sting             |    71 |    86 |    75 ||   232
         Mercury Vapours   |     7 |    20 |    22 ||    49
         Olgreb's Toxic Ra |       |       |     2 ||     2
    Use: Scroll            |       |       |    13 ||    13
         Potion            |       |       |     4 ||     4
   Stab: Sleeping          |       |       |     5 ||     5
 Armour: Robe              |    25 |    48 |   116 ||   189
         Skin              |       |       |     7 ||     7
  Dodge: Dodged            |    27 |    63 |   171 ||   261
